 Dungeon Crawl Stone Soup version 0.26-a0-690-gcb57259078 (webtiles) character file.

Game seed: 17526692349113033855

4947 marklar909 the Geomancer (level 10, -1/65 (67) HPs)
             Began as a Formicid Earth Elementalist on Oct 23, 2020.
             Was a Believer of the Shining One.
             Slain by an ufetubus (3 damage)
             ... on level 9 of the Dungeon.
             The game lasted 00:16:18 (11547 turns).

marklar909 the Geomancer (FoEE)                    Turns: 11547, Time: 00:16:19

HP:   -1/65 (67)    AC:  7    Str: 16    XL:     10   Next: 82%
MP:   20/22         EV: 13    Int: 24    God:    the Shining One [**....]
Gold: 205           SH:  5    Dex: 11    Spells: 13/26 levels left

rFire    . . .     SeeInvis +   (no weapon)
rCold    + + +     Faith    .   (no shield)
rNeg     + + .     Spirit   .   c - +0 robe
rPois    +         Reflect  +   (helmet unavailable)
rElec    .         Harm     .   (no cloak)
rCorr    .         Rampage  .   D - +2 pair of gloves {Str+3}
MR       +....                  o - +1 pair of boots
Stlth    +.........             j - amulet of Fedhas's Favour {Reflect rC++ SH+5}
HPRegen  0.20/turn              q - ring "Zaykhlype" {rPois rN+ Int+6 SInv}
MPRegen  0.18/turn              y - ring of protection from cold

@: glowing
A: permanent stasis, dig shafts and tunnels, four strong arms, antennae 3
a: Dig, Shaft Self, Divine Shield, Renounce Religion


You were on level 9 of the Dungeon.
You worshipped the Shining One.
The Shining One was pleased with you.
You visited 2 branches of the dungeon, and saw 10 of its levels.

You collected 509 gold pieces.
You spent 304 gold pieces at shops.

Inventory:

Hand Weapons
 r - a +3 morningstar
Missiles
 b - 91 stones (quivered)
Armour
 c - a +0 robe (worn)
 o - a +1 pair of boots (worn)
 s - a +0 kite shield
 x - a +0 ring mail
 D - a +2 pair of gloves of strength (worn)
Jewellery
 j - the amulet of Fedhas's Favour (around neck) {Reflect rC++ SH+5}
   (You found it on level 5 of the Dungeon)

   [amulet of reflection]

   It shields you and reflects attacks.
   It greatly protects you from cold.
   It affects your SH (+5).
 q - the ring "Zaykhlype" (left hand) {rPois rN+ Int+6 SInv}
   (You bought it in a shop on level 7 of the Dungeon)

   [ring of intelligence]

   It affects your intelligence (+6).
   It protects you from poison.
   It protects you from negative energy.
   It lets you see invisible.
 y - a ring of protection from cold (right hand)
 C - an uncursed ring of poison resistance {unknown}
Wands
 d - a wand of flame (18)
 e - a wand of acid (9)
 n - a wand of iceblast (14)
 v - a wand of polymorph (5)
Scrolls
 g - 3 scrolls of identify
 k - 3 scrolls of remove curse
 p - a scroll of magic mapping
 z - 2 scrolls of fog
 B - a scroll of fear {unknown}
 F - a scroll of amnesia
Potions
 a - a potion of haste
 f - 7 potions of mutation
 h - 3 potions of stabbing
 i - 3 potions of might
 l - 4 potions of lignification
 m - 2 potions of flight
 t - 2 potions of heal wounds {unknown}
 u - a potion of brilliance
 w - a potion of magic {unknown}
 A - a potion of degeneration {unknown}
 E - a potion of curing


   Skills:
 + Level 2.2 Fighting
 + Level 3.6 Maces & Flails
 + Level 3.3 Dodging
 + Level 4.8 Stealth
 * Level 4.4 Shields
 - Level 8.7 Spellcasting
 + Level 3.2 Conjurations
 + Level 1.1 Transmutations
 + Level 11.7 Earth Magic


You had 13 spell levels left.
You knew the following spells:

 Your Spells              Type           Power        Failure   Level
a - Sandblast             Erth           ######       1%          1
b - Stone Arrow           Conj/Erth      #####.       1%          3
c - Petrify               Tmut/Erth      #####...     4%          4
d - Lee's Rapid Deconstr  Erth           ######....   1%          5

Your spell library contained the following spells:

 Spells                   Type           Power        Failure   Level
 Passwall                 Tmut/Erth      #####...     1%          2


Dungeon Overview and Level Annotations

Branches:
Dungeon (9/15)             Temple (1/1) D:7
   Lair: D:8-11         Orc: D:9-12

Altars:
Ashenzari
Cheibriados
Dithmenos
Elyvilon
Fedhas
Gozag
Hepliaklqana
Kikubaaqudgha
Makhleb
Nemelex Xobeh
Okawaru
Qazlal
Ru
Sif Muna
Trog
Uskayaw
Vehumet
Wu Jian
Xom
Yredelemnul
Zin
The Shining One

Shops:
D:5 [   D:7 *

Annotations:
D:4 1 runed translucent door, Whiskey's ghost, novice OpBr
D:8 3 runed translucent doors


Innate Abilities, Weirdness & Mutations

You cannot be hasted, slowed, berserked, paralysed or teleported.
You can dig through walls and to a lower floor.
Your four strong arms can wield two-handed weapons with a shield.
You have a pair of large antennae on your head. (SInv)


Message History

Confirm with . or Enter, or press ? or * to list all spells.
Aiming: Sandblast (safe; 1% risk of failure)
Press: ? - help, Shift-Dir - straight line, f/p - yak
Aim: a yak (severely wounded, haloed)
The blast of sand hits the yak.
The yak is severely wounded.
b - 91 stones The yak gores you!
* * * LOW HITPOINT WARNING * * *
Unknown command.
Unknown command.
Okay, then.
Okay, then.
Okay, then.
Evoke which item? (* to show all) (? for menu, Esc to quit)
Okay, then.
The ufetubus hits you.
* * * LOW HITPOINT WARNING * * *
The ufetubus hits you.
You die...

### ##########################.#
................@5Y......#.#
.....................Y.....#
......#............#####.#.#
#####.#.##########'#...#.#.######
#..<...................#.#.##....
#.#)..#.########.......#Y#.##....
# #...#................#.#.##....
#.#.#................#.#.##...≈
#.#.#................#.#.##..≈≈


You could see 2 yaks and an ufetubus.

Vanquished Creatures
  A two-headed ogre (D:9)
  5 yaks (D:9)
  An orc warrior (D:7)
  4 sky beasts
  A necrophage (D:7)
  3 ice beasts (D:6)
  6 ogres
  A phantom (D:5)
  2 centaurs (D:6)
  3 bullfrogs
  A gnoll sergeant (D:9)
  A scorpion (D:4)
  An electric eel (D:9)
  8 wights
  3 howler monkeys (D:7)
  4 bullfrog zombies
  4 hounds
  A bullfrog skeleton (D:6)
  2 orc priests
  2 jellies
  4 orc wizards
  2 iguanas (D:8)
  Natasha (twice) (D:3)
  11 worker ants
  2 hound skeletons
  A worker ant zombie (D:8)
  A howler monkey skeleton (D:2)
  7 gnolls
  8 adders
  A shadow imp (D:6)
  2 white imps
  3 oozes
  An adder zombie (D:5)
  4 worms
  3 dart slugs (D:2)
  3 leopard geckos
  23 orcs
  6 giant cockroaches
  5 goblins
  9 hobgoblins
  11 jackals
  4 quokkas
  4 ball pythons
  6 bats
  4 frilled lizards
  A giant cockroach zombie (D:6)
  10 kobolds
  A quokka zombie (D:7)
  6 rats
199 creatures vanquished.

Notes
Turn   | Place    | Note
-------+----------+-------------------------------------------
     0 | D:1      | marklar909 the Formicid Earth Elementalist began the quest
                  | for the Orb.
     0 | D:1      | Reached XP level 1. HP: 13/13 MP: 3/3
   383 | D:1      | Reached XP level 2. HP: 19/19 MP: 3/5
   436 | D:1      | Reached skill level 4 in Earth Magic
   801 | D:1      | Reached XP level 3. HP: 24/24 MP: 4/7
  1548 | D:2      | Found a shadowy altar of Dithmenos.
  1595 | D:2      | Reached XP level 4. HP: 25/30 MP: 5/8
  1721 | D:2      | Learned a level 3 spell: Stone Arrow
  2344 | D:2      | Reached skill level 5 in Earth Magic
  2544 | D:2      | Reached XP level 5. HP: 35/35 MP: 7/10
  2889 | D:3      | You fall into a shaft and drop 3 floors!
  2890 | D:6      | Noticed an ice beast
  2919 | D:6      | Killed an ice beast
  2919 | D:6      | Reached XP level 6. HP: 16/41 MP: 6/12
  2933 | D:6      | Reached skill level 1 in Maces & Flails
  3413 | D:6      | Noticed a sky beast
  3440 | D:6      | Killed a sky beast
  3440 | D:6      | Reached skill level 5 in Spellcasting
  3440 | D:6      | Reached skill level 6 in Earth Magic
  3440 | D:6      | Reached XP level 7. HP: 13/47 MP: 1/14
  3731 | D:5      | Entered Level 5 of the Dungeon
  3862 | D:4      | Reached skill level 1 in Fighting
  4101 | D:4      | Reached XP level 8. HP: 54/54 MP: 9/17
  4643 | D:3      | You fall into a shaft and drop 2 floors!
  4644 | D:5      | Found Qiudokka's Armour Shop.
  4659 | D:5      | Reached skill level 7 in Earth Magic
  5111 | D:4      | Found a sparkling altar of Nemelex Xobeh.
  5129 | D:4      | Found a runed translucent door.
  5134 | D:4      | Noticed Whiskey's ghost (novice OpBr)
  5728 | D:3      | Noticed Natasha
  5734 | D:3      | Killed Natasha
  6003 | D:3      | Found a sacrificial altar of Ru.
  6187 | D:3      | Noticed Natasha
  6193 | D:3      | Killed Natasha
  6448 | D:5      | Bought a +0 pair of gloves of strength for 149 gold pieces
  6489 | D:5      | Reached skill level 1 in Conjurations
  6783 | D:5      | Reached skill level 8 in Earth Magic
  6783 | D:5      | Reached XP level 9. HP: 57/61 MP: 14/19
  7187 | D:5      | Got a clouded zirconium amulet
  7521 | D:5      | Found a broken altar of Ashenzari.
  7658 | D:5      | Found a snail-covered altar of Cheibriados.
  8399 | D:6      | Identified the amulet of Fedhas's Favour {Reflect rC++
                  | SH+5} (You found it on level 5 of the Dungeon)
  8419 | D:6      | Learned a level 4 spell: Petrify
  8425 | D:6      | Learned a level 5 spell: Lee's Rapid Deconstruction
  8617 | D:7      | Reached skill level 9 in Earth Magic
  8652 | D:7      | Found a staircase to the Ecumenical Temple.
  8673 | Temple   | Entered the Ecumenical Temple
  8872 | Temple   | Became a worshipper of the Shining One
  9161 | D:7      | Found Loap Lasije's Assorted Antiques.
  9168 | D:7      | Bought a translucent ivory ring for 155 gold pieces
  9168 | D:7      | Identified the ring "Zaykhlype" {rPois rN+ Int+6 SInv} (You
                  | bought it in a shop on level 7 of the Dungeon)
  9185 | D:7      | Reached skill level 10 in Earth Magic
  9247 | D:7      | Reached * piety under the Shining One
  9518 | D:7      | Found an ancient bone altar of Kikubaaqudgha.
  9562 | D:7      | Found a bloodstained altar of Trog.
  9645 | D:7      | Reached skill level 1 in Shields
  9645 | D:7      | Reached XP level 10. HP: 65/65 MP: 12/22
 10460 | D:8      | Found a runed translucent gate.
 10465 | D:8      | Found a runed translucent gate.
 10465 | D:8      | Found a runed translucent gate.
 10466 | D:8      | Noticed a cyan ugly thing
 10467 | D:8      | Noticed a cyan ugly thing
 10468 | D:8      | Noticed a brown ugly thing
 10469 | D:8      | Noticed a cyan ugly thing
 10469 | D:8      | Noticed a cyan ugly thing
 11042 | D:9      | Noticed a two-headed ogre
 11046 | D:9      | Killed a two-headed ogre
 11157 | D:9      | Reached skill level 11 in Earth Magic
 11528 | D:9      | Reached ** piety under the Shining One
 11547 | D:9      | HP: 2/65 [ufetubus (4)]
 11547 | D:9      | Slain by an ufetubus

Illustrated notes

Levels and vault maps discovered:
D:1:      evilmike_arrival_rings, layout_loops_corners
D:2:      layout_basic, overflow_temple_1_default
D:3:      layout_loops_corners, nicolae_ru_awakened_eye, uniq_natasha
D:4:      layout_loops_ring, kennysheep_little_box, ebering_ghost_sewer_d,
          roderic_roman_lattice, st_stairs_1, due_unseen_surprise
D:5:      layout_layer_cave, nicolae_overflow_hidden_temple, serial_shops, shop,
          minmay_misc_feat_five
D:6:      layout_gridville
D:7:      layout_cave_pools, lightli_temple_of_fire, kennysheep_mini_moat,
          minmay_temple_entry_wispy, serial_shops, shop,
          kennysheep_generic_room_11
D:8:      layout_basic, ploomutoo_gammafunk_ghost_potion_laboratory,
          zaba_anthole
D:9:      layout_basic, minivault_11
Temple:   regret_index_temple_generic_petals

Skill      XL: |  1  2  3  4  5  6  7  8  9 10 |
---------------+-------------------------------+-----
Earth Magic    | 4 5 6 8 10 11 | 11.7
Spellcasting   | 3 4 5 6 8 |  8.7
Stealth        | 3 4 |  4.8
Dodging        | 2 3 |  3.3
Maces & Flails | 1 2 3 |  3.6
Fighting       | 1 2 |  2.2
Conjurations   | 1 3 |  3.2
Shields        | 1 4 |  4.4
Transmutations | |  1.1

Action                   |  1- 3 |  4- 6 |  7- 9 | 10-12 || total
-------------------------+-------+-------+-------+-------++-------
Melee: Unarmed           |     8 |       |       |       ||     8
       Morningstar       |       |    14 |    57 |       ||    71
 Cast: Sandblast         |    48 |    65 |    98 |    45 ||   256
       Stone Arrow       |       |     1 |    69 |    39 ||   109
 Abil: Dig               |       |     1 |     2 |       ||     3
  Use: Potion            |       |       |     4 |       ||     4
       Scroll            |       |       |    19 |       ||    19
 Stab: Sleeping          |       |     1 |     3 |       ||     4
Armor: Robe              |     7 |     5 |    31 |     5 ||    48
Dodge: Dodged            |    23 |    29 |    75 |    23 ||   150
Block: Other             |       |       |     9 |     7 ||    16

Table legend: (Time is in decaauts)
 A = Elapsed time spent in this place.
 B = Non-inter-level travel time spent in this place.
 C = Inter-level travel time spent in this place.
 D = Time resting spent in this place.
 E = Time spent auto-exploring this place.
 F = Levels seen in this place.
 G = Mean time per level.
                   A        B        C        D        E       F      G
               +--------+--------+--------+--------+--------+-----+--------+
         Total |  11577 |  11106 |    471 |   1305 |   8388 |  10 | 1157.7 |
       Dungeon |  11338 |  10918 |    420 |   1305 |   8202 |   9 | 1259.8 |
        Temple |    238 |    187 |     51 |      0 |    186 |   1 |  238.0 |
               +--------+--------+--------+--------+--------+-----+--------+

Top non-repeatable levels by time:
     D:6: 2042 daAuts
     D:5: 1471 daAuts
     D:1: 1432 daAuts
     D:2: 1412 daAuts
     D:4: 1333 daAuts
     D:3: 1200 daAuts
     D:7: 1106 daAuts
     D:8: 834 daAuts
     D:9: 504 daAuts
  Temple: 238 daAuts
